 BcadrenCrawl: Boulder Brew version 0.06.7.3 (webtiles) character file.

Game seed: 15526516958213709188

25858 emperorscorpion the Grappler (level 12, 96/138 HPs) Lignifite Demonspawn. Began on Aug 7, 2023. Quit the game on level 4 of the Lair of Beasts on Aug 8, 2023. The game lasted 00:26:33 (10507 turns).

emperorscorpion the Grappler (LiDs)                Turns: 10507, Time: 00:26:33

Health: 96/138     AC:  5    Str: 21    XL:     12 ^: 1092
Magic:  19/26      EV: 12    Int: 16    God:
Gold:   1498       SH:  5    Dex:  9    Spells: 25/29 levels left

rFire    x . .     Slash    .     - Unarmed
rCold    . . .     Pierce   +     - Unarmed
rNeg     . . .     Bludgeon .   f - +0 deep troll leather
rCorr    . . .     Vision   +   (helmet restricted)
rPois    +         Gourm    .   x - +0 cloak
rElec    .         Faith    .   (gloves unavailable)
MR       +....     Spirit   +   (boots unavailable)
HPRegen  1.36/turn Reflect  .   j - amulet of regeneration
MPRegen  0.72/turn Harm     .   s - ring of slaying Stlth ..........Rampage .
                                G - ring of slaying

@: quick
A: antennae, branches (SH +, roots, deformed body 1, speed 1, poison resistance,
powered by pain 3, slow metabolism 1, torment resistance, plant, magic shield,
magic regeneration, woody flesh (rF-) 1, rot immunity, barkskin
a: Plant Roots


You were on level 4 of the Lair of Beasts.
You were hungry.

You visited 3 branches of the dungeon, and saw 11 of its levels.

You collected 1694 gold pieces.
You spent 196 gold pieces at shops.

Inventory:

Shields
 S - the cursed +9 buckler "Udikun" {Int+9, (Curse: MR-)}
   (You found it on level 3 of the Lair of Beasts)

   Base shield rating: 3 Skill to remove penalty: 4.0 It affects your
   intelligence (+9).
   It has a curse placed upon it.
   { (Curse: MR-)}
Armour
 a - a +0 robe
 f - a +0 deep troll leather (worn)
 x - a +0 cloak (worn)
 D - a +2 pair of gloves
 N - a +0 troll leather
Jewellery
 g - an uncursed ring of intelligence
 i - a cursed ring of magical power {(Curse: rF-)}
 j - an amulet of regeneration (around neck)
 p - an uncursed ring of evasion
 q - an uncursed ring of resist corrosion
 r - a cursed ring of evasion {(Curse: rC-)}
 s - a ring of slaying (left hand)
 u - an uncursed amulet of chaos
 z - an uncursed ring of ice
 B - an uncursed ring of ice
 C - a cursed ring of ice {(Curse: *Drain)}
 G - a ring of slaying (right hand)
 H - an uncursed ring of dexterity
 I - a cursed ring of evasion {(Curse: *Tele)}
 J - an uncursed ring of stealth
 L - an uncursed ring of fire
 P - an uncursed ring of evasion
Wands
 y - a wand of flame (21) (quivered)
 K - a wand of hasting (1)
 M - a wand of acid (5)
 V - a wand of iceblast (7)
Scrolls
 b - 6 scrolls of teleportation
 e - 4 scrolls of blinking
 h - 2 scrolls of magic mapping
 o - a scroll of immolation
 v - 2 scrolls of fog
 A - 2 scrolls of fear
 E - 2 scrolls of enchantment
Potions
 d - 7 potions of curing
 k - a potion of heal wounds
 l - a potion of amnesia
 m - 2 potions of brilliance
 n - 3 potions of haste
 t - a potion of beneficial mutation
 w - a potion of berserk rage
 F - 2 potions of mutation
 Q - a potion of gain intelligence
 R - a potion of might
 T - 2 potions of agility
 U - a potion of ambrosia
Comestibles
 c - 22 rations


   Skills:
 + Level 4.4 Fighting
 + Level 4.1 Armour
 + Level 5.1 Dodging
 - Level 2.3 Stealth
 + Level 1.4 Shields
 + Level 14.9 Unarmed Combat
 * Level 9.3 Spellcasting
 - Level 1.8 Fire Magic
 - Level 1.0 Air Magic
 - Level 2.7 Poison Magic
 - Level 3.1 Invocations
 + Level 0.2 Evocations


You had 25 spell levels left.
You knew the following spells:

 Your Spells              Type           Power        Failure   Level  Hunger
a - Flame Tongue          Fire           13 (30)      8%          1    0
b - Mephitic Cloud        Pois/Air       13 (100)     22%         3    0-30

Your spell library contained the following spells:

 Spells                   Type           Power        Failure   Level  Hunger
 Shock                    Air            10 (25)      10%         1    0
 Magic Candle             Hex/Fire       10 (90)      11%         1    0
 Slow                     Hex            7 (100)      16%         1    0
 Swiftness                Chrm/Air       9 (100)      19%         2    0
 Conjure Flame Fire 13 (100) 22% 3 0-30 Blink Tloc           N/A          24%         2    0
 Passwall                 Tmut/Erth      7 (120)      24%         2    0
 Static Discharge Air 10 (100) 30% 3 0-30 Ignite Poison Fire/Tmut 10 (100) 32% 3 0-30 Inner Flame Hex/Fire 10 (100) 32% 3 0-30 Call Chameleon Summ 7 (200) 43% 3 0-30 Portal Projectile Chrm/Tloc 7 (50) 43% 3 0-30 Airstrike Air 10 (200) 69% 4 50-150 Cause Fear Hex 7 (200) 83% 4 50-150 Leda's Liquefaction Tmut/Erth 7 (200) 83% 4 50-150 Passage of Golubria Tloc N/A 83% 4 50-150 Petrify Tmut/Erth 7 (100) 83% 4 50-150 Irradiate Tmut/Pois 11 (200) 94% 5 170-330 Lightning Bolt Air 10 (200) 95% 5 170-330 Lee's Rapid Deconstruct Erth 7 (200) 99% 5 170-330 Methodical Deconstructi Erth 7 (200) 99% 5 170-330 Darkness Hex 7 (200) 100% 6 290-510 Eringya's Noxious Bog Tmut/Pois 11 (200) 100% 6 290-510 Invisibility Chrm 7 (100) 100% 6 290-510 Poison Arrow Pois 16 (200) 100% 6 290-510 Chain Lightning Air 10 (200) 100% 8 530-870 Icicle Cascade Ice 7 (200) 100% 8 530-870 Lehudib's Crystal Spear Erth 7 (200) 100% 8 530-870 Fire Storm Fire 13 (200) 100% 9 650-1050 Glaciate Ice 7 (200) 100% 9 650-1050 Shatter Erth 7 (200) 100% 9 650-1050 Tornado Air 10 (200) 100% 9 650-1050 Sublimation of Blood Necr           Unusable     N/A         2    N/A

Dungeon Overview and Level Annotations

Branches:
Dungeon (6/8)              Temple (1/1) D:4            Lair (4/6) D:5
  Swamp (0/4) Lair:3       Spider (0/4) Lair:2
    Orc: D:6

Altars:
Ashenzari
Cheibriados
Dithmenos
Elyvilon
Fedhas Madash
Gozag Ym Sagoz
Hepliaklqana
Kikubaaqudgha
Makhleb
Nemelex Xobeh
Okawaru
Qazlal
Ru
Sif Muna
Trog
Uskayaw
Vehumet
Wu Jian
Xom
Yredelemnul
Zin
The Shining One

Shops:
D:3 ?

Portals:
Trove: D:5 (give horn of Geryon)

Annotations:
Lair:3 exclusion: 2 oklob plants


Innate Abilities, Weirdness & Mutations

You have a pair of antennae on your head. (+Vis)
A tangle of shorter branches protects your body from attack. (SH +5)
You can plant your roots to grant stasis and boost your AC and Regeneration.
Uprooting yourself takes awhile, however.
Armour fits poorly on your strangely shaped body.
You cover ground quickly.
Your system is resistant to poisons. (rPois)
You are powered by pain.
You have a slow metabolism.
You are immune to unholy pain and torment.
You require very little carbon dioxide to survive.
When hurt, damage is shared between your health and your magic reserves.
You regenerate magic rapidly.
Your woody flesh burns easily. (rF-)
You are immune to rotting.
Your bark is difficult to pierce. (rPiercing+)


Message History

You hit the elephant (1).
It resists.
You hit the elephant but do no damage.
The elephant is almost dead. (12/62) HP The elephant seems less confused.
The elephant is engulfed in noxious fumes (1).
The elephant tramples the elephant but does no damage.
The elephant trunk-slaps the elephant but does no damage.
The elephant tramples you (15)!
You stumble backwards!
The elephant barely misses the crocodile.
The elephant trunk-slaps the crocodile but does no damage.
Unknown command.
You hit the elephant (2).
It resists. x2
The elephant is almost dead. (9/62) HP The crocodile is engulfed in noxious fumes.
The crocodile appears confused.
The crocodile bites the rime drake (20)!!
It is perforated ruthlessly!
The bullfrog throws its tongue at you. The bullfrog's tongue whips you (4).
You are wrenched violently forward by the bullfrog's tongue!
Unknown command.
Are you sure you want to abandon this character and quit the game? (Confirm with "yes".)

♣♣..# ####P####
♣♣..P##........
♣♣♣............
♣P♣♣...........
P♣♣..........#
♣♣♣...........##
♣♣♣♣.....>......#
♣P♣♣.......S....#
♣♣♣...!.k#.Yr.@.##
........tD............
.......Y.Y######.F.≈.≈
........l## ####≈≈
.........### ≈
.##..#....# #...<..#.#
##.#.........
##.........P


You could see a four-headed hydra, 3 elephants, a water moccasin, a crocodile
(confused), a bullfrog and a porcupine (confused).

Vanquished Creatures
  A catoblepas (Lair:3)
  A swooping magpie (Lair:3)
  A two-headed ogre (D:5)
  8 hydras
  3 black mambas
  12 giraffes
  A troll (D:6)
  A rime drake (Lair:2)
  A guardian mummy (D:5)
  4 komodo dragons
  A hornet (Lair:2)
  6 spiny frogs
  A hippogriff (D:5)
  20 yaks
  2 basilisks
  3 vampire mosquitoes (Lair:3)
  2 soldier ants (D:4)
  A necrophage (D:5)
  3 orc warriors (D:5)
  16 porcupines
  2 phantoms
  6 scorpions
  7 water moccasins
  2 ice beasts
  A sky beast (D:4)
  A black bear (Lair:2)
  10 wolves
  3 ogres
  9 crocodiles
  3 big kobolds
  2 centaurs (D:5)
  3 meliai zombies (D:4)
  9 blink frogs
  3 howler monkeys
  7 wights (D:5)
  A quasit (D:5)
  5 electric eels (Lair:3)
  Prince Ribbit (D:4)
  4 orc priests
  3 hounds
  8 jellies
  6 orc wizards
  8 iguanas
  A mummy (D:5)
  10 worker ants
  4 wyvern zombies (D:4)
  6 wyvern skeletons
  3 giant cockroaches
  A boggart zombie (D:5)
  Robin (D:2)
  2 porcupine skeletons
  15 adders
  A gwybwca (D:4)
  11 sewer rats (D:2)
  10 cinder newts
  5 worms
  14 bullfrogs
  A hound zombie (D:5)
  2 hound skeletons (D:5)
  3 dart slugs
  3 leopard geckos
  26 orcs
  4 adder skeletons
  10 bats
  14 goblins
  7 hobgoblins
  6 jackals
  18 kobolds
  4 quokkas
  3 ball pythons
  A ball python skeleton (D:2)
  3 bat skeletons (D:2)
  A goblin skeleton (D:2)
  2 hobgoblin skeletons (D:2)
  A leopard gecko skeleton (D:5)
  An orc skeleton (D:2)
  2 quokka skeletons (D:5)
  A quokka zombie (D:5)
  4 rats (D:1)
  A plant (D:5)
  3 withered plants (D:2)
397 creatures vanquished.

Vanquished Creatures (others)
  A hobgoblin (D:1)
  A butterfly (D:5)
  2 fungi
  A giant blowfly (D:2)
  5 plants (Lair:3)
  40 withered plants (D:2)
50 creatures vanquished.

Grand Total: 447 creatures vanquished

Notes
Turn   | Place    | Note
-------+----------+-------------------------------------------
     0 | D:1      | emperorscorpion the Lignifite Demonspawn began the quest
                  | for the Orb.
     0 | D:1      | Reached XP level 1. HP: 24/24 MP: 4/4
   135 | D:1      | Gained mutation: You sometimes gain a little power by
                  | taking damage. [demonic ancestry]
   135 | D:1      | Reached XP level 2. HP: 30/32 MP: 5/5
   337 | D:1      | Reached XP level 3. HP: 25/40 MP: 6/6
   528 | D:1      | Reached XP level 4. HP: 29/48 MP: 7/7
   685 | D:1      | Reached skill level 3 in Unarmed Combat
  1350 | D:2      | Gained mutation: You sometimes gain power by taking damage.
                  | [demonic ancestry]
  1350 | D:2      | Reached XP level 5. HP: 55/56 MP: 8/8
  1479 | D:2      | Reached skill level 4 in Unarmed Combat
  1583 | D:2      | Gained mutation: When hurt, damage is shared between your
                  | health and your magic reserves. [demonic ancestry]
  1583 | D:2      | Reached XP level 6. HP: 44/72 MP: 7/10
  1910 | D:2      | Reached skill level 5 in Unarmed Combat
  2142 | D:2      | Gained mutation: You have a pair of antennae on your head.
                  | (+Vis) [demonic ancestry]
  2142 | D:2      | Reached XP level 7. HP: 80/81 MP: 12/12
  2340 | D:2      | Noticed Robin
  2406 | D:2      | Killed Robin
  2953 | D:3      | Reached skill level 6 in Unarmed Combat
  2959 | D:3      | Found a white marble altar of Elyvilon.
  3071 | D:3      | Learned a level 3 spell: Mephitic Cloud
  3412 | D:3      | Reached skill level 7 in Unarmed Combat
  3412 | D:3      | Reached XP level 8. HP: 90/90 MP: 12/14
  3580 | D:3      | Found Lyrruciocs's Magic Scroll Shoppe.
  3583 | D:3      | Bought a scroll of blinking for 105 gold pieces
  3583 | D:3      | Bought a scroll of fear for 49 gold pieces
  3583 | D:3      | Bought a scroll of teleportation for 42 gold pieces
  3758 | D:4      | Reached skill level 8 in Unarmed Combat
  4377 | D:4      | Reached skill level 9 in Unarmed Combat
  4377 | D:4      | Gained mutation: You regenerate magic rapidly. [demonic
                  | ancestry]
  4377 | D:4      | Reached XP level 9. HP: 82/99 MP: 12/16
  4620 | D:4      | Noticed Prince Ribbit
  4621 | D:4      | Found a staircase to the Ecumenical Temple.
  4650 | D:4      | Killed Prince Ribbit
  4903 | Temple   | Entered the Ecumenical Temple
  5321 | D:4      | Reached skill level 5 in Spellcasting
  5419 | D:5      | Entered Level 5 of the Dungeon
  5499 | D:5      | Found a portal to a secret trove of treasure.
  5538 | D:5      | Reached skill level 10 in Unarmed Combat
  5671 | D:5      | Reached skill level 1 in Poison Magic
  5671 | D:5      | Reached XP level 10. HP: 65/108 MP: 10/19
  5676 | D:5      | Reached skill level 1 in Shields
  5741 | D:5      | Noticed a two-headed ogre
  5762 | D:5      | Killed a two-headed ogre
  5763 | D:5      | Reached skill level 11 in Unarmed Combat
  5920 | D:5      | Found an iron altar of Okawaru.
  6022 | D:5      | Reached skill level 1 in Air Magic
  6168 | D:5      | Found a runed translucent door.
  6432 | D:5      | Reached skill level 12 in Unarmed Combat
  6946 | D:5      | Found a staircase to the Lair.
  7253 | D:6      | Reached XP level 11. HP: 16/128 MP: 5/21
  7430 | Lair:1   | Entered Level 1 of the Lair of Beasts
  7824 | Lair:1   | Reached skill level 13 in Unarmed Combat
  7898 | Lair:1   | Reached skill level 1 in Armour
  8451 | Lair:3   | Connectivity tunneler affected minmay_swamp_entry_swarm.
  8451 | Lair:3   | Identified the cursed +9 buckler "Udikun" {Int+9, (Curse:
                  | MR-)}
  8797 | Lair:3   | Identified a scroll of acquirement
  8810 | Lair:3   | Acquired 1087 gold pieces
  8849 | Lair:3   | Noticed an eight-headed hydra
  8858 | Lair:3   | Killed an eight-headed hydra
  8859 | Lair:3   | Gained mutation: You are powered by pain. [demonic
                  | ancestry]
  8859 | Lair:3   | Gained mutation: You can plant your roots to grant stasis
                  | and boost your AC and Regeneration. Uprooting yourself
                  | takes awhile, however. [Lignifite growth]
  8859 | Lair:3   | Reached XP level 12. HP: 118/138 MP: 22/25
  8932 | Lair:3   | Noticed a catoblepas
  8949 | Lair:3   | Killed a catoblepas
  8964 | Lair:3   | Found a staircase to the Swamp.
  8985 | Lair:3   | Reached skill level 14 in Unarmed Combat
  9117 | Lair:2   | Reached skill level 5 in Dodging
  9497 | Lair:2   | Found a hole to the Spider Nest.
 10507 | Lair:4   | Quit the game

Illustrated notes

Levels and vault maps discovered:
D:1:      dpeg_cavernosity, layout_basic
D:2:      layout_sewer, sewer_minmay_treatment, minmay_heptomino_h4
D:3:      layout_basic, marbit_many_paths, first_ration, serial_shops,
          kennysheep_mini_moat
D:4:      layout_loops_ring, temple_green, hangedman_pestilent_swarm,
          uniq_prince_ribbit1
D:5:      layout_loops_corners, david_lair_shrubbed, enter_ossuary_5,
          nicolae_trove_entry_isolated, chequers_avenue, okawaru_trees_1
D:6:      layout_rooms, orc_0_dummy, portal_ice_cave_entry_pillars_2,
          muffindrake_ghost_dual_entry, corexii_hall_statues_x
Temple:   roderic_octagonal_lattice_temple
Lair:1:   layout_roguey, grunt_megastairs_3
Lair:2:   layout_hall_layers, spider_nest_entry_web_field, grunt_megastairs_4
Lair:3:   layout_layer_cave, minmay_swamp_entry_swarm, serial_bayou_shore_a,
          minmay_lair_oklob_chamber, infiniplex_staircase_pool_2
Lair:4:   mu_elephants_graveyard, layout_small_grid, lemuel_old_faithful

Skill      XL: |  1  2  3  4  5  6  7  8  9 10 11 12 |
---------------+-------------------------------------+-----
Stealth        | 2 |  2.3
Dodging        | 3 4 5 |  5.1
Unarmed Combat | 3 4 5 7 9 10 12 13 14 | 14.9
Spellcasting   | 2 3 4 5 6 8 9 |  9.3
Fighting       | 2 3 4 |  4.4
Poison Magic   | 1 2 |  2.7
Shields        | 1 |  1.4
Air Magic      | 1 |  1.0
Armour         | 2 4 |  4.1
Fire Magic     | |  1.8
Invocations    | |  3.1
Evocations     | |  0.2

Action                   |  1- 3 |  4- 6 |  7- 9 | 10-12 || total
-------------------------+-------+-------+-------+-------++-------
Melee: Unarmed           |   107 |   261 |   607 |   824 ||  1799
 Cast: Flame Tongue      |       |     5 |     3 |    14 ||    22
       Mephitic Cloud    |       |       |     4 |    26 ||    30
Evoke: Wand              |       |       |     1 |     4 ||     5
  Use: Potion            |       |       |     2 |       ||     2
       Scroll            |       |       |       |     1 ||     1
 Stab: Sleeping          |       |     5 |     2 |     1 ||     8
       Confused          |       |       |     2 |    24 ||    26
       Distracted        |       |       |       |     1 ||     1
  Eat: Chunk             |       |     1 |     8 |    11 ||    20
Armor: Robe              |     2 |     7 |     6 |    11 ||    26
       Deep troll leathe |       |       |       |    35 ||    35
Dodge: Dodged            |    11 |    35 |    56 |    96 ||   198
Block: Other             |     1 |     1 |    18 |    39 ||    59
